| TOP OF THE 1ST |
|
Pensacola Blue Wahoos batting - Pitching for Harrisburg Senators : LHP Ian Bell
|
|
Pitching: LHP Ian Bell
|
|
|
Batting: RHB Danny Powell
|
0-0: SINGLE (Line Drive, 5D, EV 95.0 MPH)
|
|
Batting: RHB Jon Marquez
|
0-0: Fly out, F4 (Popup, 4S, EV 68.8 MPH)
|
|
Batting: RHB Joseph Kirchmann
|
0-0: Ball 1-0: Ball 2-0: Called Strike 2-1: Fly out, F8 (Flyball, 89S, EV 91.3 MPH)
|
|
Batting: RHB Ricky Carbajal
|
0-0: Ball Danny Powell is caught stealing 2nd base 2-4
|
| Top of the 1st over - 0 runs, 1 hit, 0 errors, 0 left on base; Pensacola 0 - Harrisburg 0 |
| BOTTOM OF THE 1ST |
|
Harrisburg Senators batting - Pitching for Pensacola Blue Wahoos : RHP Jose Marrero
|
|
Pitching: RHP Jose Marrero
|
|
|
Batting: LHB Diego Muniz
|
0-0: Called Strike 0-1: Fly out, F7 (Flyball, 78D, EV 95.0 MPH)
|
|
Batting: RHB John McNeill
|
0-0: Foul Ball, location: 2F 0-1: Ball 1-1: Ball 2-1: Foul Ball, location: 2F 2-2: Ground out 3-1 (Groundball, 34S, EV 85.0 MPH)
|
|
Batting: RHB Jim Towle
|
0-0: Ball 1-0: Ball 2-0: Called Strike 2-1: Fly out, F9 (Flyball, 89D, EV 91.9 MPH)
|
| Bottom of the 1st over - 0 runs, 0 hits, 0 errors, 0 left on base; Pensacola 0 - Harrisburg 0 |
| TOP OF THE 2ND |
|
Pensacola Blue Wahoos batting - Pitching for Harrisburg Senators : LHP Ian Bell
|
|
Batting: RHB Ricky Carbajal
|
0-0: Ball 1-0: Foul Ball, location: 2F 1-1: Ball 2-1: Swinging Strike 2-2: Ball 3-2: Foul Ball, location: 2F 3-2: Foul Ball, location: 2F 3-2: Ground out 5-3 (Groundball, 56S, EV 66.9 MPH)
|
|
Batting: RHB Jose Caraballo
|
0-0: Ball 1-0: Called Strike 1-1: Called Strike 1-2: Fly out, F8 (Line Drive, 8LD, EV 97.5 MPH)
|
|
Batting: LHB Steven Wamble
|
0-0: Ball 1-0: DOUBLE (Line Drive, 9LM, EV 100.6 MPH)
|
|
Batting: LHB Manny Ruvalcaba
|
0-0: Ball 1-0: Fly out, F8 (Line Drive, 8RD, EV 111.3 MPH)
|
| Top of the 2nd over - 0 runs, 1 hit, 0 errors, 1 left on base; Pensacola 0 - Harrisburg 0 |
| BOTTOM OF THE 2ND |
|
Harrisburg Senators batting - Pitching for Pensacola Blue Wahoos : RHP Jose Marrero
|
|
Batting: RHB Juan Taveras
|
0-0: Ground out 6-3 (Groundball, 6, EV 86.3 MPH)
|
|
Batting: RHB Felix Torres
|
0-0: Called Strike 0-1: Ball 1-1: Foul Ball, location: 2F 1-2: Ball 2-2: Ball 3-2: Base on Balls
|
|
Batting: RHB Tony Madrigal
|
0-0: Called Strike 0-1: Ball Felix Torres steals 2nd base 1-1: Swinging Strike 1-2: Fly out, F9 (Flyball, 9LS, EV 75.0 MPH)
|
|
Batting: RHB Marcus Dawson
|
0-0: Foul Ball, location: 2F 0-1: Ball 1-1: Called Strike 1-2: Strikes out swinging
|
| Bottom of the 2nd over - 0 runs, 0 hits, 0 errors, 1 left on base; Pensacola 0 - Harrisburg 0 |
| TOP OF THE 3RD |
|
Pensacola Blue Wahoos batting - Pitching for Harrisburg Senators : LHP Ian Bell
|
|
Batting: RHB Chris Holland
|
0-0: Called Strike 0-1: Ball 1-1: Ball 2-1: Called Strike 2-2: Fly out, F6 (Popup, 6D, EV 55.6 MPH)
|
|
Batting: LHB James Himes
|
0-0: Ball 1-0: Foul Ball, location: 2F 1-1: Ground out U3 (Groundball, 3, EV 86.3 MPH)
|
|
Batting: RHB Danny Powell
|
0-0: Ground out U3 (Groundball, 34S, EV 87.5 MPH)
|
| Top of the 3rd over - 0 runs, 0 hits, 0 errors, 0 left on base; Pensacola 0 - Harrisburg 0 |
| BOTTOM OF THE 3RD |
|
Harrisburg Senators batting - Pitching for Pensacola Blue Wahoos : RHP Jose Marrero
|
|
Batting: RHB Josh Lykins
|
0-0: Ball 1-0: Called Strike 1-1: Fly out, F9 (Flyball, 9D, EV 97.5 MPH)
|
|
Batting: RHB Haykuhi Kagramanian
|
0-0: Ball 1-0: Ground out 4-3 (Groundball, 4, EV 78.1 MPH)
|
|
Batting: LHB Diego Muniz
|
0-0: Ball 1-0: Ball 2-0: Foul Ball, location: 2F 2-1: Ground out 6-3 (Groundball, 6, EV 88.8 MPH)
|
| Bottom of the 3rd over - 0 runs, 0 hits, 0 errors, 0 left on base; Pensacola 0 - Harrisburg 0 |
| TOP OF THE 4TH |
|
Pensacola Blue Wahoos batting - Pitching for Harrisburg Senators : LHP Ian Bell
|
|
Batting: RHB Jon Marquez
|
0-0: Foul Ball, location: 2F 0-1: Swinging Strike 0-2: Ball 1-2: Ball 2-2: Ball 3-2: Base on Balls
|
|
Batting: RHB Joseph Kirchmann
|
0-0: Ball 1-0: Called Strike 1-1: Fielders Choice at 2nd, 3-6 (Groundball, 3, EV 85.0 MPH)
|
|
Batting: RHB Ricky Carbajal
|
0-0: Foul Ball, location: 2F 0-1: Ball Joseph Kirchmann steals 2nd base 1-1: Ground out 6-3 (Groundball, 6, EV 79.4 MPH) Joseph Kirchmann to third
|
|
Batting: RHB Jose Caraballo
|
0-0: Ball 1-0: Ball 2-0: Called Strike 2-1: Swinging Strike 2-2: Ball 3-2: Base on Balls
|
|
Batting: LHB Steven Wamble
|
0-0: Swinging Strike 0-1: Fly out, F9 (Flyball, 9S, EV 88.1 MPH)
|
| Top of the 4th over - 0 runs, 0 hits, 0 errors, 2 left on base; Pensacola 0 - Harrisburg 0 |
| BOTTOM OF THE 4TH |
|
Harrisburg Senators batting - Pitching for Pensacola Blue Wahoos : RHP Jose Marrero
|
|
Batting: RHB John McNeill
|
0-0: Called Strike 0-1: Ball 1-1: Ball 2-1: Swinging Strike 2-2: Ball 3-2: Foul Ball, location: 2F 3-2: Ground out 1-3 (Groundball, 34S, EV 72.5 MPH)
|
|
Batting: RHB Jim Towle
|
0-0: Swinging Strike 0-1: Foul Ball, location: 2F 0-2: Strikes out swinging
|
|
Batting: RHB Juan Taveras
|
0-0: Called Strike 0-1: Ground out 1-5-3 (Groundball, 15S, EV 98.8 MPH)
|
| Bottom of the 4th over - 0 runs, 0 hits, 0 errors, 0 left on base; Pensacola 0 - Harrisburg 0 |
| TOP OF THE 5TH |
|
Pensacola Blue Wahoos batting - Pitching for Harrisburg Senators : LHP Ian Bell
|
|
Batting: LHB Manny Ruvalcaba
|
0-0: Foul Ball, location: 2F 0-1: Ball 1-1: Ball 2-1: Foul Ball, location: 2F 2-2: Ground out 4-3 (Groundball, 34, EV 105.6 MPH)
|
|
Batting: RHB Chris Holland
|
0-0: Called Strike 0-1: Ball 1-1: Called Strike 1-2: Foul Ball, location: 2F 1-2: Strikes out swinging, 2-3 out at first.
|
|
Batting: LHB James Himes
|
0-0: Ball 1-0: Called Strike 1-1: Foul Ball, location: 2F 1-2: Ground out U3 (Groundball, 3, EV 99.4 MPH)
|
| Top of the 5th over - 0 runs, 0 hits, 0 errors, 0 left on base; Pensacola 0 - Harrisburg 0 |
| BOTTOM OF THE 5TH |
|
Harrisburg Senators batting - Pitching for Pensacola Blue Wahoos : RHP Jose Marrero
|
|
Batting: RHB Felix Torres
|
0-0: Called Strike 0-1: Ball 1-1: Foul Ball, location: 2F 1-2: Ball 2-2: Ball 3-2: Foul Ball, location: 2F 3-2: Strikes out swinging
|
|
Batting: RHB Tony Madrigal
|
0-0: Foul Ball, location: 2F 0-1: Swinging Strike 0-2: Strikes out swinging
|
|
Batting: RHB Marcus Dawson
|
0-0: Called Strike 0-1: Ball 1-1: Foul Ball, location: 2F 1-2: Ball 2-2: Foul Ball, location: 2F 2-2: Ball 3-2: DOUBLE (Line Drive, 89D, EV 101.9 MPH)
|
|
Batting: RHB Josh Lykins
|
0-0: Foul Ball, location: 2F 0-1: Foul Ball, location: 2F 0-2: Ball 1-2: Strikes out swinging
|
| Bottom of the 5th over - 0 runs, 1 hit, 0 errors, 1 left on base; Pensacola 0 - Harrisburg 0 |
| TOP OF THE 6TH |
|
Pensacola Blue Wahoos batting - Pitching for Harrisburg Senators : LHP Ian Bell
|
|
Batting: RHB Danny Powell
|
0-0: Called Strike 0-1: Ball 1-1: Ball 2-1: Swinging Strike 2-2: Foul Ball, location: 2F 2-2: Ground out 1-3 (Groundball, 15, EV 65.6 MPH)
|
|
Batting: RHB Jon Marquez
|
0-0: Ball 1-0: Ground out 5-3 (Groundball, 56, EV 88.8 MPH)
|
|
Batting: RHB Joseph Kirchmann
|
0-0: Ball 1-0: Ball 2-0: Ground out U3 (Groundball, 13, EV 90.0 MPH)
|
| Top of the 6th over - 0 runs, 0 hits, 0 errors, 0 left on base; Pensacola 0 - Harrisburg 0 |
| BOTTOM OF THE 6TH |
|
Harrisburg Senators batting - Pitching for Pensacola Blue Wahoos : RHP Jose Marrero
|
|
Batting: RHB Haykuhi Kagramanian
|
0-0: Ball 1-0: Ground out U3 (Groundball, 34S, EV 82.5 MPH)
|
|
Batting: LHB Diego Muniz
|
0-0: Ball 1-0: Ground out 4-3 (Groundball, 4, EV 86.3 MPH)
|
|
Batting: RHB John McNeill
|
0-0: Ball 1-0: Ground out U3 (Groundball, 34S, EV 68.1 MPH)
|
| Bottom of the 6th over - 0 runs, 0 hits, 0 errors, 0 left on base; Pensacola 0 - Harrisburg 0 |
| TOP OF THE 7TH |
|
Pensacola Blue Wahoos batting - Pitching for Harrisburg Senators : LHP Ian Bell
|
|
Batting: RHB Ricky Carbajal
|
0-0: Ball 1-0: Ball 2-0: Called Strike 2-1: Ground out 6-3 (Groundball, 56, EV 81.3 MPH)
|
|
Batting: RHB Jose Caraballo
|
0-0: Ball 1-0: SINGLE (Line Drive, 7S, EV 105.0 MPH)
|
|
Batting: LHB Steven Wamble
|
0-0: Called Strike 0-1: Fly out, F7 (Flyball, 7LD, EV 106.3 MPH)
|
|
Batting: LHB Manny Ruvalcaba
|
0-0: Ball 1-0: Ground out 4-3 (Groundball, 4, EV 94.4 MPH)
|
| Top of the 7th over - 0 runs, 1 hit, 0 errors, 1 left on base; Pensacola 0 - Harrisburg 0 |
| BOTTOM OF THE 7TH |
|
Harrisburg Senators batting - Pitching for Pensacola Blue Wahoos : RHP Jose Marrero
|
|
Batting: RHB Jim Towle
|
0-0: Ball 1-0: Swinging Strike 1-1: Ball 2-1: Ground out 4-3 (Groundball, 4, EV 81.9 MPH)
|
|
Batting: RHB Juan Taveras
|
0-0: Ball 1-0: Ball 2-0: Fly out, F7 (Flyball, 7, EV 96.3 MPH)
|
|
Batting: RHB Felix Torres
|
0-0: Ball 1-0: Called Strike 1-1: SINGLE (Flyball, 89S, EV 93.8 MPH)
|
|
Batting: RHB Tony Madrigal
|
0-0: Called Strike 0-1: Called Strike Felix Torres is caught stealing 2nd base 2-4
|
| Bottom of the 7th over - 0 runs, 1 hit, 0 errors, 0 left on base; Pensacola 0 - Harrisburg 0 |
| TOP OF THE 8TH |
|
Pensacola Blue Wahoos batting - Pitching for Harrisburg Senators : LHP Ian Bell
|
|
Batting: RHB Chris Holland
|
0-0: Foul Ball, location: 2F 0-1: Ball 1-1: Swinging Strike 1-2: Fly out, F9 (Flyball, 9S, EV 86.9 MPH)
|
|
Batting: LHB James Himes
|
0-0: Ball 1-0: Ball 2-0: Foul Ball, location: 2F 2-1: Foul Ball, location: 2F 2-2: Foul Ball, location: 2F 2-2: Ground out U3 (Groundball, 3, EV 100.6 MPH)
|
|
Batting: RHB Danny Powell
|
0-0: Ground out 1-3 (Groundball, 25, EV 63.8 MPH)
|
| Top of the 8th over - 0 runs, 0 hits, 0 errors, 0 left on base; Pensacola 0 - Harrisburg 0 |
| BOTTOM OF THE 8TH |
|
Harrisburg Senators batting - Pitching for Pensacola Blue Wahoos : RHP Jose Marrero
|
|
Pinch Hitting: LHB Shinji Adachi
|
0-0: Foul Ball, location: 2F 0-1: Called Strike 0-2: Ball 1-2: Fly out, F7 (Line Drive, 7, EV 92.5 MPH)
|
|
Batting: RHB Marcus Dawson
|
0-0: Ball 1-0: Ball 2-0: Fly out, F8 (Flyball, 8LD, EV 103.1 MPH)
|
|
Batting: RHB Josh Lykins
|
0-0: Ball 1-0: Called Strike 1-1: Ball 2-1: Called Strike 2-2: SINGLE (Groundball, 34D, EV 98.1 MPH)
|
|
Batting: RHB Haykuhi Kagramanian
|
0-0: Called Strike 0-1: Swinging Strike 0-2: Strikes out looking
|
| Bottom of the 8th over - 0 runs, 1 hit, 0 errors, 1 left on base; Pensacola 0 - Harrisburg 0 |
| TOP OF THE 9TH |
|
Pensacola Blue Wahoos batting - Pitching for Harrisburg Senators : LHP Ian Bell
|
|
Now in RF: Deshawn Boseman
|
|
|
Batting: RHB Jon Marquez
|
0-0: Ball 1-0: Ball 2-0: Swinging Strike 2-1: SINGLE (Flyball, 5D, EV 99.4 MPH)
|
|
Pitching: RHP Ramon Rodriguez
|
|
|
Batting: RHB Joseph Kirchmann
|
0-0: Ball Jon Marquez is caught stealing 2nd base 2-4 1-0: Ball 2-0: Called Strike 2-1: Called Strike 2-2: Strikes out swinging
|
|
Batting: RHB Ricky Carbajal
|
0-0: SINGLE (Groundball, 56D, EV 101.9 MPH)
|
|
Batting: RHB Jose Caraballo
|
0-0: Ball 1-0: Foul Ball, location: 2F 1-1: Ball 2-1: Fielders Choice at 2nd, 4-6 (Groundball, 6M, EV 100.6 MPH)
|
| Top of the 9th over - 0 runs, 2 hits, 0 errors, 1 left on base; Pensacola 0 - Harrisburg 0 |
| BOTTOM OF THE 9TH |
|
Harrisburg Senators batting - Pitching for Pensacola Blue Wahoos : RHP Jose Marrero
|
|
Batting: LHB Diego Muniz
|
0-0: Ground out U3 (Groundball, 3, EV 82.5 MPH)
|
|
Batting: RHB John McNeill
|
0-0: Called Strike 0-1: DOUBLE (Line Drive, 89M, EV 113.1 MPH)
|
|
Pitching: RHP Mario Quezada
|
|
|
Batting: RHB Jim Towle
|
0-0: 2-RUN HOME RUN (Line Drive, 78XD, EV 106.9 MPH), Distance : 411 ft
|
| Bottom of the 9th over - 2 runs, 2 hits, 0 errors, 0 left on base; Pensacola 0 - Harrisburg 2 |
| |
|
Game Over ... Harrisburg defeats Pensacola, 2 to 0
|
|
|